[Event "44th Chess Olympiad Open 2022"]
[Site "Chennai"]
[Date "2022.08.08"]
[Round "10.1"]
[White "Praggnanandhaa R"]
[Black "Sindarov, Javokhir"]
[Result "1-0"]
[ECO "E95"]
[WhiteElo "2648"]
[BlackElo "2629"]
[Annotator "TA"]
[PlyCount "153"]
[EventDate "2022.07.29"]
[EventType "team-tourn"]
[EventCountry "IND"]
[SourceTitle "playchess.com"]
[Source "ChessBase"]
[SourceQuality "1"]
[WhiteTeam "India"]
[BlackTeam "Uzbekistan"]
[WhiteTeamCountry "IND"]
[BlackTeamCountry "UZB"]
[TimeControl "40/5400+30:1800+30"]

1. d4 Nf6 2. c4 g6 3. Nc3 Bg7 4. e4 d6 5. Nf3 O-O 6. Be2 e5 7. O-O h6 8. Re1 Nbd7 9. Qc2 {[%emt 0:01:13] E95: King's Indian: Classical: 7...Nbd7 8 Re1.} Re8 {[%emt 0:05:46] now supersedes 9...Nh7.} 10. dxe5 {[%emt 0:02:06] White is more active.} dxe5 11. Be3 {[%emt 0:00:30] White is slightly better.} c6 {[%emt 0:10:54] [#]} 12. Na4 $146 ({Predecessor:} 12. h3 Nh5 13. c5 Nf4 14. Rad1 Qe7 15. Rd6 Nxe2+ 16. Qxe2 Nf6 17. b4 Nh5 18. b5 {1-0 (44) Praggnanandhaa,R (2648)-Urazayev,A (2430) Paracin 2022}) 12... Qc7 13. c5 b5 14. cxb6 axb6 15. h3 Qb8 16. Red1 b5 17. Nc5 Nxc5 18. Bxc5 Be6 19. Bd6 Qb6 20. Bxe5 {[%emt 0:05:13] White now steadily converts the win.} Rxa2 (20... b4 $16 {is a better defense.}) 21. Rxa2 $18 Bxa2 22. Bxf6 Bxf6 23. b3 $1 Qa5 24. Qxc6 Re6 25. Qc8+ ({Less strong is} 25. Qxb5 Qxb5 26. Bxb5 Bxb3 $14) 25... Kg7 26. Qc2 Qa3 27. e5 $1 ({Inferior is} 27. Bxb5 Bxb3 28. Qd3 Rxe4 $1 $15) 27... Bxe5 (27... Be7 $16) 28. Nxe5 Rxe5 29. Qc3 Qc5 30. Qb2 Bxb3 31. Re1 {[%emt 0:00:50] And now Bxb5 would win.} Be6 {[%emt 0:05:07] Strongly threatening ...Kh7.} 32. Bg4 Kf6 33. Kh2 $1 g5 {[%emt 0:00:34] [#]} 34. g3 $1 {[%emt 0:00:26] Hoping for f4.} Bxg4 {[%emt 0:01:33] [#]} 35. f4 $1 {[%emt 0:00:33][%mdl 64] Pin} Bf5 36. Rxe5 {[%emt 0:04:59] White wants to mate with Re8+.} Qc2+ 37. Qxc2 {[%emt 0:00:07] Really sharp!} Bxc2 38. Rxb5 {[%emt 0:00:32][%mdl 4096] Endgame KR-KB} Kg6 39. Rb4 f6 40. Kg2 Bd3 41. Kf2 Ba6 (41... h5 $142 42. Ke3 Bf5) 42. g4 gxf4 43. Rxf4 h5 $2 (43... Bc8 44. Kg3 Be6) 44. gxh5+ Kxh5 45. Rxf6 Bd3 46. Kg3 (46. Kf3 $18 Kg5 47. Rc6) 46... Bg6 47. Ra6 Bd3 48. Ra5+ Kh6 49. Kh4 Kg6 50. Rg5+ Kh6 51. Rd5 Bc2 52. Rd6+ Kg7 53. Kg5 Bb1 54. Rd7+ Kg8 55. Rc7 Bd3 56. Kh6 Bf5 57. Rg7+ Kf8 58. Rg3 Bc2 59. Rg2 Be4 60. Rg1 Kf7 61. Rg4 Bd3 62. Rg3 Bc2 63. Rg2 Bd3 64. Rg7+ Kf8 65. Rg3 Bc2 $1 66. h4 {[%emt 0:02:03] White mates.} Kf7 67. Rc3 Bb1 68. Rf3+ Kg8 69. Rg3+ Kf7 70. Rg7+ Kf8 71. Rg5 Kf7 72. Kh5 Kf6 73. Kg4 Bc2 74. h5 Bd1+ 75. Kf4 Bc2 76. h6 Bg6 77. Rg1 {[%emt 0:00:08] Weighted Error Value: White=0.01 (flawless) /Black=0.11 (very precise)} 1-0

[Event "44th Chess Olympiad Open 2022"]
[Site "Chennai"]
[Date "2022.08.08"]
[Round "10.1"]
[White "Yakubboev, Nodirbek"]
[Black "Sarin Nihal"]
[Result "1/2-1/2"]
[ECO "B11"]
[WhiteElo "2620"]
[BlackElo "2651"]
[Annotator "TA"]
[PlyCount "93"]
[EventDate "2022.07.29"]
[EventType "team-tourn"]
[EventCountry "IND"]
[SourceTitle "playchess.com"]
[Source "ChessBase"]
[SourceQuality "1"]
[WhiteTeam "Uzbekistan"]
[BlackTeam "India"]
[WhiteTeamCountry "UZB"]
[BlackTeamCountry "IND"]
[TimeControl "40/5400+30:1800+30"]

1. e4 c6 2. Nf3 d5 3. Nc3 dxe4 4. Nxe4 Nf6 5. Nxf6+ exf6 6. Bc4 Bd6 7. Qe2+ Qe7 8. Qxe7+ {[%emt 0:00:08] B11: Caro-Kann: Two Knights Variation.} Kxe7 9. O-O Re8 {[%emt 0:04:31] 9...Rd8 is becoming the main line.} 10. Re1+ Kf8 11. Rxe8+ Kxe8 12. d4 Bf5 13. c3 Nd7 {[%emt 0:10:58] [#]} 14. Bf1 $146 ({Predecessor:} 14. Bd2 Kf8 15. a4 Nb6 16. Bb3 Be6 17. Bxe6 fxe6 18. b3 Nd7 19. Kf1 a6 20. Ke2 {½-½ (28) Jovanovic,Z (2508)-Berkes,F (2659) Schwarzach 2015}) 14... Be6 15. c4 f5 16. b3 Nf6 17. Bb2 Be7 18. Re1 h6 19. Bd3 Rd8 20. Nh4 f4 21. Bf5 g5 {[%emt 0:03:36] [#]} 22. Ng6 fxg6 23. Bxe6 Kf8 24. g3 Ne8 25. Re4 Nd6 {[%emt 0:02:20] The position is equal.} 26. Re2 Bf6 27. Kg2 Nf5 28. Bxf5 gxf5 29. gxf4 Bxd4 $11 {[%emt 0:01:24][%mdl 4096] Endgame KRB-KRB} 30. Rd2 Bf6 31. Rxd8+ Bxd8 32. fxg5 hxg5 {[%emt 0:00:07] KB-KB} 33. h3 Bc7 34. Bc1 g4 35. hxg4 fxg4 36. f4 gxf3+ $1 37. Kxf3 Ke7 38. Ke4 $1 Ke6 39. Be3 a6 40. a4 b5 41. axb5 axb5 42. cxb5 cxb5 43. Kd4 Bb6+ 44. Ke4 Bc7 45. Kd4 Bb6+ 46. Ke4 Bc7 47. Bc1 {[%emt 0:00:22] Weighted Error Value: White=0.03 (flawless) /Black=0.02 (flawless)} 1/2-1/2

[Event "44th Chess Olympiad Open 2022"]
[Site "Chennai"]
[Date "2022.08.08"]
[Round "10.2"]
[White "Durarbayli, Vasif"]
[Black "Petrosyan, Manuel"]
[Result "1/2-1/2"]
[ECO "C54"]
[WhiteElo "2638"]
[BlackElo "2610"]
[Annotator "TA"]
[PlyCount "105"]
[EventDate "2022.07.29"]
[EventType "team-tourn"]
[EventCountry "IND"]
[SourceTitle "playchess.com"]
[Source "ChessBase"]
[SourceQuality "1"]
[WhiteTeam "Azerbaijan"]
[BlackTeam "Armenia"]
[WhiteTeamCountry "AZE"]
[BlackTeamCountry "ARM"]
[TimeControl "40/5400+30:1800+30"]

1. e4 e5 2. Nf3 Nc6 3. Bc4 Bc5 4. O-O Nf6 5. d3 d6 6. c3 a5 {[%emt 0:00:50] C54: Giuoco Piano: 4 c3 Nf6, main lines with 5 d4 and 5 d3.} 7. Re1 Ba7 8. Nbd2 O-O 9. h3 Be6 10. Bb5 Ne7 11. d4 c6 12. Bd3 Ng6 13. Nf1 h6 14. Be3 Re8 15. Ng3 Qc7 16. a4 Rad8 17. Qc2 Bb8 18. Rad1 (18. Rab1 {looks sharper.} d5 19. exd5 Bxd5 20. Bxg6 Bxf3 21. gxf3 fxg6 22. Qxg6 Qf7 23. Qxf7+ Kxf7 24. dxe5 Bxe5 25. f4) 18... Qc8 {[%emt 0:08:17] [#]} 19. b3 $146 ({Predecessor:} 19. dxe5 dxe5 20. b4 axb4 21. cxb4 Bd6 22. Qb2 Qc7 23. b5 Ra8 24. Ra1 cxb5 25. axb5 Rxa1 26. Rxa1 {½-½ (44) Motylev,A (2651)-Nihal,S (2610) Douglas 2019}) 19... Qc7 20. b4 (20. Kh1 $14) 20... axb4 $11 21. cxb4 d5 $1 22. exd5 (22. dxe5 {seems wilder.} Nxe5 23. Nxe5 dxe4 24. Nxe4 Nxe4 25. Bf4) 22... Bxd5 {[%emt 0:03:29] [#] Threatens to win with ...e4.} 23. Bxg6 (23. Nxe5 $11 Nxe5 24. dxe5 Qxe5 25. Re2) 23... Bxf3 $15 24. gxf3 {[%emt 0:03:22][%cal Od4e5] dxe5! is the strong threat.} exd4 25. Bxh6 gxh6 (25... Rxe1+ $15 26. Rxe1 gxh6) 26. Qc4 (26. Rxe8+ $1 $11 Nxe8 27. Bh7+ Kh8 28. Be4) 26... Nd5 $17 27. Rxe8+ Rxe8 28. Bb1 (28. Bc2 $142) 28... Nc3 (28... Qe5 $17 {[%cal Od5e3] aiming for ...Ne3!} 29. Qc2 Kf8) 29. Rxd4 $11 Ne2+ ({But not} 29... Nxb1 30. Rg4+ (30. Qc1 f5 $11) 30... Kf8 31. Qc1 $14) 30. Nxe2 Qh2+ 31. Kf1 Qxh3+ 32. Ke1 $1 Qh1+ 33. Kd2 {[%emt 0:00:04] Intending Rg4+ and mate.} Qxb1 34. Rd7 {[%emt 0:02:07][%csl LRb7,LRf7] Chess con chili.} Qb2+ 35. Kd1 (35. Ke1 $1 $11 {keeps the balance.} Qf6 36. Qg4+ Kh8 37. Qd4) 35... Qf6 $17 36. Qg4+ {[%emt 0:01:31] [#]} (36. Rxb7 $15 Qxf3 37. Rd7) 36... Kh8 (36... Kf8 $1 $17 {And now ...Qa1+ would win.} 37. Qd4 Be5) 37. Qd4 {[%emt 0:01:07] Inhibits Qa1+. Active counter play! The position is equal.} Be5 38. Qc4 Rd8 (38... Kg8 {keeps more tension.} 39. f4 Bc7 40. Qc3 Qe6) 39. Rxd8+ Qxd8+ $11 {[%emt 0:00:02][%mdl 4096] Endgame KQB-KQN} 40. Ke1 Qf6 41. f4 Bd6 42. Kf1 Kg8 43. b5 cxb5 44. Qxb5 Qe7 45. Qd5 b6 46. Qc6 Qc7 47. Qg2+ Kh8 48. Qe4 Kg8 49. Kg2 Qe7 50. Qa8+ Kh7 51. Qf3 Qf6 52. Qd5 Qe6 53. Qxe6 {[%emt 0:00:00] Weighted Error Value: White=0.12 (very precise) /Black=0.13 (very precise)} 1/2-1/2

[Event "44th Chess Olympiad Open 2022"]
[Site "Chennai"]
[Date "2022.08.08"]
[Round "10.2"]
[White "Melkumyan, Hrant"]
[Black "Guseinov, Gadir"]
[Result "1/2-1/2"]
[ECO "E94"]
[WhiteElo "2634"]
[BlackElo "2668"]
[Annotator "TA"]
[PlyCount "90"]
[EventDate "2022.07.29"]
[EventType "team-tourn"]
[EventCountry "IND"]
[SourceTitle "playchess.com"]
[Source "ChessBase"]
[SourceQuality "1"]
[WhiteTeam "Armenia"]
[BlackTeam "Azerbaijan"]
[WhiteTeamCountry "ARM"]
[BlackTeamCountry "AZE"]
[TimeControl "40/5400+30:1800+30"]

1. c4 Nf6 2. Nc3 g6 3. d4 Bg7 4. e4 d6 5. Be2 O-O 6. Nf3 e5 7. O-O exd4 8. Nxd4 Re8 9. f3 c6 10. Kh1 d5 {[%emt 0:00:19] 10...Nh5 is not played anymore.} (10... Nbd7 $14 {feels stronger.}) 11. cxd5 $16 {[%emt 0:00:26] E94: King's Indian: Classical: 6 Be2 e5 7 0-0: Various Black 7th moves.} cxd5 12. Bg5 {[%emt 0:00:21] White is more active.} Nc6 {[%emt 0:00:34] [#]} 13. Bb5 $1 {[%emt 0:00:29] White is better.} h6 14. Bxf6 (14. Nxc6 $16 bxc6 15. Bxc6 hxg5 16. Bxa8) 14... Qxf6 $14 15. exd5 Qxd4 16. Qxd4 (16. dxc6 $14 Rf8 17. Qxd4 Bxd4 18. Rfd1 Bxc3 19. bxc3) 16... Bxd4 $11 17. dxc6 Rf8 (17... Re5 $11 18. Ba4 Bxc3 19. cxb7 {[#]} (19. bxc3 bxc6 20. Bxc6 Rb8 $11) 19... Bxb7 $1 20. bxc3 Rc8) 18. Rfd1 {[%emt 0:01:07] [#]} Be5 $146 ({Predecessor:} 18... Bxc3 19. cxb7 Rb8 20. bxc3 Rxb7 21. c4 Rc7 22. Rd4 a6 23. Ba4 Be6 24. Bb3 a5 {½-½ (82) King,A (2279)-Paragua,M (2502) Philadelphia 2021}) 19. Re1 Bf6 20. c7 Bxc3 21. bxc3 Be6 22. Rad1 {[%emt 0:00:56][%cal Oe1e6] Threatens to win with Rxe6!} Rac8 23. Bd7 Rxc7 24. Bxe6 fxe6 25. Rxe6 $14 {[%emt 0:00:08][%mdl 4096] Endgame KRR-KRR} Kh7 26. h3 Rff7 27. Rd3 Rc5 28. Kh2 h5 29. Kg3 Rfc7 30. Ree3 Kh6 {[%emt 0:11:42] The position is equal.} 31. f4 Ra5 32. Rd6 Rxa2 33. Ree6 h4+ 34. Kh2 Rg7 35. f5 Rf2 36. Rxg6+ Rxg6 37. Rxg6+ $11 {[%emt 0:00:23] KR-KR} Kh5 38. Rg7 Rxf5 39. Rxb7 a5 40. c4 Rf4 41. Rc7 a4 42. g4+ hxg3+ 43. Kxg3 Rd4 44. Kf3 {[%emt 0:00:00] Strongly threatening Ke3.} a3 45. Ra7 Rxc4 {[%emt 0:00:00] Weighted Error Value: White=0.07 (flawless) /Black=0.07 (flawless)} 1/2-1/2

[Event "44th Chess Olympiad Open 2022"]
[Site "Chennai"]
[Date "2022.08.08"]
[Round "10.2"]
[White "Hovhannisyan, Robert"]
[Black "Abasov, Nijat"]
[Result "1-0"]
[ECO "C78"]
[WhiteElo "2591"]
[BlackElo "2633"]
[Annotator "TA"]
[PlyCount "101"]
[EventDate "2022.07.29"]
[EventType "team-tourn"]
[EventCountry "IND"]
[SourceTitle "playchess.com"]
[Source "ChessBase"]
[SourceQuality "1"]
[WhiteTeam "Armenia"]
[BlackTeam "Azerbaijan"]
[WhiteTeamCountry "ARM"]
[BlackTeamCountry "AZE"]
[TimeControl "40/5400+30:1800+30"]

1. e4 e5 2. Nf3 Nc6 3. Bb5 a6 4. Ba4 Nf6 5. O-O b5 6. Bb3 Bc5 {[%emt 0:00:09] now supersedes 6...Be7.} 7. a4 {[%emt 0:00:28] Strongly threatening axb5.} Rb8 {[%emt 0:00:46] C78: Ruy Lopez: Archangelsk and Möller Defences.} (7... Nxe4 $2 8. axb5 Ne7 9. Nxe5 $18 (9. d3 Nxf2 10. Rxf2 Bxf2+ 11. Kxf2 f6 $18)) 8. Nxe5 Nxe5 9. d4 Bxd4 {[%emt 0:00:14] White has an edge.} 10. Qxd4 d6 11. f4 Nc6 12. Qd3 $5 {[%emt 0:00:56][%mdl 4] A promising side line.} O-O 13. Nc3 Nb4 14. Qd2 Qe7 {[%emt 0:04:52] Prevents e5.} 15. axb5 axb5 {[%emt 0:01:01] [#]} 16. e5 $5 $146 {[%emt 0:03:02][%mdl 8] An interesting novelty.} ({Predecessor:} 16. Re1 c5 17. e5 dxe5 18. fxe5 Ng4 19. Qg5 Qc7 20. Nd5 Nxd5 21. Bxd5 c4 22. Be3 {½-½ (37) Svidler,P (2769)-Kasimdzhanov,R (2699) Thessaloniki 2013}) 16... dxe5 17. fxe5 Qxe5 18. Qf4 Qxf4 19. Bxf4 Na6 20. Ra5 b4 (20... Nc5 $1 $11 {remains equal.}) 21. Nd5 $36 {[%emt 0:08:04][%mdl 2048] White is in control. White is much more active.} Nxd5 22. Bxd5 Rb6 23. Rfa1 {[%emt 0:12:04][%mdl 1024] White has strong compensation.} h6 24. b3 Rf6 25. Be5 Rf5 26. Be4 Rg5 27. h4 Rh5 {[%emt 0:00:11] Black cannot hold the game after this.} (27... Rg4 $16 {keeps fighting.} 28. Bf3 Rg6) 28. Bf3 $18 {[%emt 0:04:23] This bishop pair is nice.} Rxh4 (28... Rf5 $142 29. Bg4 Rxe5 30. Rxe5 Bxg4) 29. Rxa6 Bxa6 30. Rxa6 Re8 31. g3 ({Much less strong is} 31. Bxc7 $6 Rd4 32. Rd6 Rxd6 33. Bxd6 Rc8 $16) 31... Rxe5 32. gxh4 {[%emt 0:00:04][%mdl 4096] Endgame KRB-KR} c5 (32... Kf8 $142 33. Kf2 c5) 33. h5 Kf8 34. Kf2 Ke7 35. Be2 Rg5 36. Ke3 g6 $2 {[%emt 0:00:04] [#]} (36... Re5+ {might work better.} 37. Kd3 Rg5) 37. Kf4 {[%emt 0:02:58] White is clearly winning.} Rf5+ 38. Ke4 Rg5 39. Rb6 Rg2 40. Bc4 Rg4+ 41. Kf3 Rg5 42. Rb7+ Kd6 43. Rxf7 Rxh5 44. Rf6+ Ke5 45. Rxg6 Kd4 46. Rg3 Rh2 (46... Rf5+ $142 47. Kg4 Rf2 48. Rd3+ Ke4) 47. Kf4 {[%emt 0:00:51][%csl Gc2,Gc4][%cal Rg3d3] [#]} Rh4+ 48. Kf5 Rh5+ 49. Ke6 Rh2 50. Rd3+ Ke4 51. Kd6 {[%emt 0:01:27] Weighted Error Value: White=0.14 (very precise) /Black=0.30} 1-0

[Event "44th Chess Olympiad Open 2022"]
[Site "Chennai"]
[Date "2022.08.08"]
[Round "10.4"]
[White "Narayanan.S.L"]
[Black "Daneshvar, Bardiya"]
[Result "1-0"]
[ECO "D88"]
[WhiteElo "2659"]
[BlackElo "2490"]
[Annotator "TA"]
[PlyCount "179"]
[EventDate "2022.07.29"]
[EventType "team-tourn"]
[EventCountry "IND"]
[SourceTitle "playchess.com"]
[Source "ChessBase"]
[SourceQuality "1"]
[WhiteTeam "India"]
[BlackTeam "Iran"]
[WhiteTeamCountry "IND"]
[BlackTeamCountry "IRI"]
[TimeControl "40/5400+30:1800+30"]

1. d4 Nf6 2. c4 g6 3. Nc3 d5 4. cxd5 Nxd5 5. e4 Nxc3 6. bxc3 Bg7 7. Bc4 c5 8. Ne2 O-O 9. Be3 Nc6 10. O-O b6 11. Qd2 Bb7 12. Rac1 cxd4 13. cxd4 Na5 14. Bd3 Qd7 15. h4 $5 {[%emt 0:09:05][%cal Bh2h4,Bh4h5,Bh5h6][%mdl 4] Exploring less charted territory. D88: Exchange Grünfeld: Classical Line: 10 Be3 cxd4 11 cxd4.} Rac8 16. h5 Rfd8 {[%emt 0:04:14] [#]} 17. h6 $146 {[%emt 0:00:00] The position is equal.} ({Predecessor:} 17. hxg6 hxg6 18. f3 e6 19. Rxc8 Rxc8 20. Rc1 Rxc1+ 21. Qxc1 Qa4 22. Qc2 Qxc2 23. Bxc2 {½-½ (86) Mielke,K-Kretschmer,K GER corr 1991}) 17... Bf8 18. Qb2 e6 19. Bg5 Rxc1 20. Rxc1 Rc8 21. Rxc8 Qxc8 22. Nf4 Nc4 23. Qe2 Nd6 24. e5 Ne8 25. Be4 Nc7 26. Qf3 Bxe4 27. Qxe4 Na6 28. d5 Nc5 (28... Qc1+ $11 {remains equal.} 29. Kh2 exd5 30. Qxd5 Qc7) 29. Qc4 $1 $16 {[%emt 0:03:58] d6 is the strong threat.} exd5 30. Nxd5 Qe6 31. Bf4 {[%emt 0:05:32] 0x0.0019ed100d6cdp-1022s more active pieces.} ({Better is} 31. f4 $16) 31... b5 32. Qd4 Qf5 (32... Nd7 $11) 33. Nf6+ $14 Kh8 34. Be3 $36 {[%emt 0:00:40][%mdl 2048] Strongly threatening Qd5. Black is under pressure.} Qd3 35. Qg4 {[%emt 0:01:32] White wants to mate with Qc8.} Ne6 ({Black should play} 35... Qb1+ $14 36. Kh2 Qf5) 36. Qf3 $1 $18 {[%emt 0:00:17] Hoping for Qb7.} ({And not} 36. Bxa7 Qc3 37. Qe4 Qc1+ 38. Kh2 Qxh6+ 39. Kg1 Qc1+ 40. Kh2 Qh6+ 41. Kg1 Qc1+ 42. Kh2 Qh6+ $11) 36... Qc3 $2 (36... Qb1+ 37. Kh2 Qf5) 37. Nd7 $1 Kg8 38. Qb7 {[%emt 0:01:05] Intending Nf6+ and mate.} Qc7 39. Qxb5 Be7 40. Nf6+ Bxf6 41. exf6 {[%emt 0:31:05][%mdl 4096] Endgame KQB-KQN} Qc8 42. a4 a6 43. Qb6 Qa8 (43... Nf8 $16 44. Kh2 Qc4) 44. a5 Qc8 45. Qd6 Qa8 46. f3 Qc8 47. Bd2 {[%emt 0:00:00] Against Qc3} Qa8 48. Kf2 Qc8 49. Bb4 Qc2+ 50. Kg3 {[%emt 0:00:00] Qb8+ would kill now.} Qc8 {[%emt 0:00:39] Prevents Qb8.} 51. Qb6 Qa8 52. Bd6 Qc8 53. Qa7 Nd8 54. Qb6 ({Don't do} 54. Qe7 $6 Nc6 55. Qe1 Nd4 $16) 54... Ne6 $1 55. Kh2 Qa8 56. Kh3 Qc8 57. Kg3 Qa8 (57... Nd8 $16 58. Kh4 Ne6) 58. Kf2 $1 {[%emt 0:00:59] Threatens to win with Ke3.} Nd8 $2 (58... Qc8 {is tougher.} 59. g4 Qc2+ 60. Kg3 Qc8) 59. Ke3 Nc6 60. Qc7 {[%emt 0:01:15] Against Qc8} Qe8+ (60... Nd8 $142 61. f4 (61. Qe7 Nc6 $16) 61... Nc6) 61. Kd3 (61. Be7 $142 Qa8 62. f4) 61... Qa8 62. Kc4 Nd8 63. g3 $2 (63. g4 Ne6 64. Qb8+ Qxb8 65. Bxb8) 63... Nb7 $2 (63... Ne6 $18 64. Qb8+ Qxb8 65. Bxb8 Kf8) 64. Be7 Kh8 65. Kd4 Kg8 66. Ke5 Kh8 67. f4 Kg8 68. g4 (68. Kd4 $142 Qa7+ 69. Kc4 Qa8 70. g4 Kh8 71. Kd4 Kg8 72. Kc4 Kh8 73. f5) 68... Kh8 69. g5 Kg8 70. f5 (70. Kd4 $142 Kh8 71. Ke3) 70... gxf5 (70... Kh8 $142 71. Kd4 Kg8) 71. Kxf5 Kh8 72. Kf4 Kg8 73. Ke3 Kh8 74. Kd2 Kg8 75. Kc3 Kh8 76. Kb4 Kg8 77. Ka3 Kh8 78. Bb4 Nd8 {[%emt 0:00:56] [#]} 79. Bc3 $1 Kg8 80. Qe7 (80. Qd7 $142 Nc6 81. g6 Qf8+ 82. Ka4 hxg6 83. Qxc6 Qd8 84. Ka3 Qf8+ 85. Ka2) 80... Nc6 {[%emt 0:00:58] [#]} 81. Qd7 $1 {[%emt 0:00:22] aiming for Ka2.} Na7 (81... Qf8+ $18 82. Kb3 Nb8) 82. g6 Nb5+ 83. Kb3 hxg6 84. h7+ $1 Kxh7 85. Qxf7+ Kh6 86. Bd2+ Kh5 87. Qh7+ Kg4 88. Qxg6+ Kf3 89. Qd3+ Kg4 90. f7 {[%emt 0:00:07] Weighted Error Value: White=0.16 (very precise) /Black=0.26 (precise)} 1-0

[Event "44th Chess Olympiad Open 2022"]
[Site "Chennai"]
[Date "2022.08.08"]
[Round "10.5"]
[White "Van Foreest, Jorden"]
[Black "Ivic, Velimir"]
[Result "1/2-1/2"]
[ECO "D02"]
[WhiteElo "2678"]
[BlackElo "2581"]
[Annotator "TA"]
[PlyCount "81"]
[EventDate "2022.07.29"]
[EventType "team-tourn"]
[EventCountry "IND"]
[SourceTitle "playchess.com"]
[Source "ChessBase"]
[SourceQuality "1"]
[WhiteTeam "Netherlands"]
[BlackTeam "Serbia"]
[WhiteTeamCountry "NED"]
[BlackTeamCountry "SRB"]
[TimeControl "40/5400+30:1800+30"]

1. Nf3 d5 2. g3 g6 3. Bg2 Bg7 4. d4 Nf6 5. O-O O-O 6. c3 c6 7. a4 {[%emt 0:01:37] D02: 1 d4 d5 2 Nf3 sidelines, including 2...Nf6 3 g3 and 2...Nf6 3 Bf4.} a5 8. Nbd2 {[%emt 0:00:33][%cal Bb1d2,Bd2f3,Bf3e5][%mdl 32] [#]} Bg4 $146 ({Predecessor:} 8... Re8 9. Qb3 Ra6 10. Re1 Rb6 11. Qa3 Nbd7 12. e4 e5 13. exd5 e4 14. dxc6 exf3 15. Rxe8+ Qxe8 16. cxd7 Bxd7 17. Nxf3 {1-0 (32) Zherebukh,Y (2633)-Durarbayli,V (2618) Saint Louis 2018}) 9. h3 Bxf3 10. exf3 Nbd7 11. f4 e6 12. Nf3 b5 13. Ne5 Qc7 14. Qe2 Rab8 15. Be3 Rfc8 16. g4 (16. axb5 $14 Rxb5 17. Ra2) 16... Ne8 17. axb5 cxb5 18. f5 {[%emt 0:00:00][%cal Oe5f7] [#] Nxf7! is the strong threat.} Nxe5 19. dxe5 (19. Bf4 {looks sharper.} Qc4 20. Qe3 exf5 21. Bxe5 Bxe5 22. Qxe5 fxg4 23. Rxa5 Qc7 24. Qxc7 Nxc7 25. hxg4 b4 26. Re1) 19... Qxe5 20. fxe6 ({Much worse is} 20. Rxa5 gxf5 21. Qf3 fxg4 22. Qxg4 Qf6 $15) 20... Qxe6 21. Qd3 d4 22. Bxd4 {[%emt 0:06:22] This bishop pair is nice.} Rd8 23. Rxa5 Bxd4 24. cxd4 Qb6 25. Rfa1 Qxd4 26. Qxd4 Rxd4 27. Ra8 Rbd8 28. Bc6 Nc7 29. Rxd8+ Rxd8 $11 {[%emt 0:00:03][%mdl 4096] Endgame KRB-KRN} 30. Ra7 Ne6 31. Bd7 Nf4 32. Kh2 b4 33. b3 Nd3 34. Bb5 Rd4 35. Kg3 g5 36. Ra5 Ne5 {[%emt 0:02:30] Inhibits Bc4.} 37. Bc4 (37. Ba6 $5 f6 38. f3 $14) 37... Nxc4 {[%emt 0:00:12] The position is equal.} 38. Rxg5+ Kf8 39. bxc4 Rxc4 40. Rb5 Kg7 41. Rb6 {[%emt 0:03:30] Weighted Error Value: White=0.06 (flawless) /Black=0.06 (flawless)} 1/2-1/2

[Event "44th Chess Olympiad Open 2022"]
[Site "Chennai"]
[Date "2022.08.08"]
[Round "10.5"]
[White "Markus, Robert"]
[Black "Bok, Benjamin"]
[Result "1-0"]
[ECO "E14"]
[WhiteElo "2616"]
[BlackElo "2616"]
[Annotator "TA"]
[PlyCount "101"]
[EventDate "2022.07.29"]
[EventType "team-tourn"]
[EventCountry "IND"]
[SourceTitle "playchess.com"]
[Source "ChessBase"]
[SourceQuality "1"]
[WhiteTeam "Serbia"]
[BlackTeam "Netherlands"]
[WhiteTeamCountry "SRB"]
[BlackTeamCountry "NED"]
[TimeControl "40/5400+30:1800+30"]

1. d4 Nf6 2. Nf3 d5 3. c4 e6 4. e3 b6 5. b3 Bb7 6. Bd3 Nbd7 7. O-O Bd6 8. Nc3 O-O 9. Bb2 a6 10. a4 {[%emt 0:00:50] E14: Queen's Indian: Classical Variation (4 e3).} c5 11. cxd5 exd5 12. Rc1 {[%emt 0:02:07] The position is equal.} Qe7 13. Ne2 Rfe8 {[%emt 0:04:21] [#]} 14. Ng3 $146 ({Predecessor:} 14. Nf4 Rac8 15. h3 g6 16. Qd2 Qf8 17. Rfe1 Bb8 18. Red1 Qh6 19. Nh2 g5 20. Ne2 {½-½ (39) Mauritsson,S (2507)-Habermehl,T (2502) GER email 2019}) 14... g6 {[%emt 0:01:55] Inhibits Nf5.} 15. Qe2 Ne4 16. Rfd1 cxd4 17. Nxd4 {[%emt 0:04:11] [#] aiming for Bxe4.} ({Reject} 17. Bxd4 Nec5) 17... Be5 (17... Nxg3 $11 18. hxg3 Nc5) 18. Bxe4 dxe4 19. Nc6 {[%emt 0:04:41] Inhibits Rad8.} (19. Ngf5 {is more complex.} Qf8 20. Ne6 Rxe6 21. Rxd7 gxf5 22. Rxb7 Rc8 23. Rf1) 19... Bxc6 20. Rxc6 Bxb2 21. Qxb2 Rad8 {[%emt 0:02:12] White must now prevent ...Ne5.} 22. Rd4 {[%emt 0:13:25] 0x0.001f250ed478dp-1022s more active pieces.} Nc5 {[%emt 0:15:37] Black is on the road to losing.} 23. h3 Qb7 24. Rdd6 Rxd6 25. Rxd6 a5 (25... Qc7 $142 26. Qf6 Nxb3) 26. Qf6 $16 Nxb3 (26... Qa7 $16) 27. Rxb6 $40 {[%emt 0:00:00][%cal Bd6b6,Bb6b5,Bb5d5][%mdl 160] Threatening mate with Nh5. White goes for the king.} Qd5 {[%emt 0:00:11] Against Nh5} 28. Rb5 Nc5 29. Kh2 (29. Rxa5 $18 Qd1+ 30. Kh2) 29... Nd7 (29... Ra8 $16 {was called for.} 30. Qe7 Rc8) 30. Qxg6+ ({Don't do} 30. Rxd5 $6 Nxf6 31. Rxa5 Rc8 $16) 30... hxg6 31. Rxd5 {[%emt 0:00:00][%mdl 4096] Endgame KRN-KRN} Nf6 32. Rxa5 Rc8 33. Re5 Rc4 34. a5 Ra4 35. a6 Kg7 36. a7 Rxa7 37. Nxe4 Ng8 38. g4 f6 39. Re8 f5 (39... Ne7 $142 40. Kg3 g5) 40. gxf5 gxf5 41. Nd6 f4 (41... Ra5 $142 42. Kg3 Nf6 43. Re7+ Kg8) 42. e4 Nh6 43. Re6 Kh7 (43... Nf7 $142 44. Nf5+ Kh7) 44. Kg2 {[%emt 0:00:00] White is clearly winning.} Ra6 {[%emt 0:00:48] [#]} 45. Nf7 $1 {[%emt 0:00:00][%mdl 512] White threatens Rxh6+ and mate.} f3+ (45... Rxe6 46. Ng5+) 46. Kg3 {[%emt 0:00:00] Intending Rxh6+ and mate.} Rxe6 47. Ng5+ Kg6 48. Nxe6 Nf7 49. Kxf3 Kf6 50. Nc5 Ne5+ 51. Ke3 {[%emt 0:00:00] Weighted Error Value: White=0.07 (flawless) /Black=0.32} 1-0